 Dungeon Crawl Stone Soup version 0.31-a0-229-g1fc7ce93e2 (webtiles) character file.

Game seed: 10767363078171866059

126 qw the Shooter (level 5, -3/30 HPs)
             Began as a Gargoyle Hexslinger on July 6, 2023.
             Slain by Sigmund
             ... wielding a +0 scythe
              (7 damage)
             ... on level 3 of the Dungeon.
             The game lasted 00:00:56 (1918 turns).

qw the Shooter (Gargoyle Hexslinger)                Turns: 1918, Time: 00:00:57

Health: -3/30      AC:  9    Str: 15    XL:     5   Next: 10%
Magic:  6/6        EV: 11    Int: 14    God:
Gold:   178        SH:  0    Dex: 14    Spells: 5/6 levels left

rFire   . . .        a - +7 longbow of Valour {drain, Will+}
rCold   . . .        (shield currently unavailable)
rNeg    + + .        c - +0 ring mail
rPois   inf          (no helmet)
rElec   +            b - -1 cloak of Fortitude {rElec rN+ rCorr Str+4}
rCorr   +            (no gloves)
SInv    .            (no boots)
Will    +....        (no amulet)
Stlth   +            (no ring)
HPRegen 0.25/turn    (no ring)
MPRegen 0.10/turn

%: no passive effects
@: about to teleport
A: sickness immunity, AC +4, negative energy resistance 1, electricity
resistance, torment resistance 1, petrification resistance
a: no special abilities


You were on level 3 of the Dungeon.
You visited 1 branch of the dungeon, and saw 3 of its levels.

You collected 178 gold pieces.


Innate Abilities, Weirdness & Mutations

You are immune to sickness and miasma.
Your stone body is resilient. (AC +4)
You are immune to poison.
You resist negative energy. (rN+)
You are resistant to electric shocks. (rElec)
You are resistant to unholy torment.
You are immune to petrification.


   Skills:
 - Level 2.0 Fighting
 + Level 4.6 Ranged Weapons
 - Level 1.1 Armour
 - Level 1.5 Dodging
 - Level 1.0 Spellcasting
 - Level 2.6 Hexes


You had 5 spell levels left.
You knew the following spells:

 Your Spells              Type           Power      Damage    Failure   Level
a - Slow                  Hex            32%        N/A       17%         1

Your spell library contained the following spells:

 Spells                   Type           Power      Damage    Failure   Level
 Inner Flame              Hex/Fire       4%         N/A       65%         3
 Portal Projectile        Hex/Tloc       8%         N/A       65%         3
 Cause Fear               Hex            4%         N/A       86%         4

Inventory:

Hand Weapons
 a - the +7 longbow of Valour (weapon) {drain, Will+}
   (You acquired it on level 2 of the Dungeon)

   Will:      It increases your willpower.
Armour
 b - the -1 cloak of Fortitude (worn) {rElec rN+ rCorr Str+4}
   (You acquired it on level 2 of the Dungeon)

   Str:       It affects your strength (+4).
   rElec:     It insulates you from electricity.
   rN:        It protects you from negative energy.
   rCorr:     It protects you from acid and corrosion.
 c - a +0 ring mail (worn)
 h - a +0 cloak
 i - a +2 helmet
Scrolls
 j - a scroll of immolation {unknown}
 m - a scroll of revelation {unknown}
Potions
 d - a potion of haste {unknown}
 f - a potion of resistance {unknown}
 g - a potion of curing {unknown}
 k - 2 potions of cancellation
 l - a potion of mutation {unknown}

Dungeon Overview and Level Annotations

Branches:
Dungeon (3/15)

Altars:
Cheibriados

Shops:
D:1 !   D:2 :

Annotations:
D:3 1 runed translucent door, Crazy Yiuf, Sigmund


Message History

Sigmund and a frilled lizard come into view.
The frilled lizard hisses angrily.
Sigmund gestures at you while chanting.
The puff of flame hits you but does no damage.
Enter note:
Enter note:
Enter note:
Enter note:
Enter note:
Enter note:
Enter note:
Enter note:
Enter note: You shoot an arrow.
The arrow barely misses the frilled lizard.
A kobold comes into view. It is wielding a +0 short sword.
The kobold throws a stone.
The stone completely misses you.
You shoot an arrow. The arrow hits the frilled lizard!
You kill the frilled lizard!
Sigmund points at you and mumbles some strange words.
The magic dart hits you.
You shoot an arrow. The arrow barely misses Sigmund.
Sigmund hits you from afar with a +0 scythe.
You shoot an arrow. The arrow completely misses Sigmund.
Sigmund casts a spell.
Sigmund flickers and vanishes!
Deactivating autopickup; reactivate with Ctrl-A.
You shoot an arrow. Something hits you!
You shoot an arrow. The arrow closely misses the kobold.
Something hits you!
1917 ||| READING scroll of teleportation.
As you read the scroll of teleportation, it crumbles to dust.
You feel strangely unstable.
You hear some strange, mumbled words.
A puff of flame appears from out of thin air!
The puff of flame hits you but does no damage.
You shoot an arrow. Something hits you but does no damage. Something hits you!
You die...

#...# ########........#
#+# ##### #...#....# ...
###.#....# #...#
#.#....# #)..# #.#....#
##### #.#..).#
#.################ #.#
#.......#..... #@#
#.......#..... ....K.%.#
#.............
.....{#####.............
......#..>..............
..... #...........###'#.
..... #......%.#### #.#.
#### #........# #.#.
#........# #.#.
#........# ###.#.


You could see a kobold.

Vanquished Creatures
  A mummy (D:3)
  Robin (D:3)
  2 adders
  3 worms (D:2)
  A dart slug (D:2)
  3 ball pythons
  5 bats
  6 endoplasms
  3 giant cockroaches (D:1)
  11 hobgoblins
  4 kobolds
  3 quokkas
  5 frilled lizards
  14 goblins
  8 rats
70 creatures vanquished.

Notes
Turn   | Place    | Note
-------+----------+-------------------------------------------
     0 | D:1      | qw the Gargoyle Hexslinger began the quest for the Orb.
     0 | D:1      | Reached XP level 1. HP: 12/12 MP: 2/2
     0 | D:1      | 0 ||| qw: Version: 0.3-a-46-gb1f654a
     0 | D:1      | 0 ||| qw: Game counter: 1554
     0 | D:1      | 0 ||| qw: Melee chars always use a shield: true
     0 | D:1      | 0 ||| qw: God list: Okawaru
     0 | D:1      | 0 ||| qw: Allow faded altars: false
     0 | D:1      | 0 ||| qw: Do Orc after clearing Dungeon:15 true
     0 | D:1      | 0 ||| qw: Do second Lair branch before Depths: true
     0 | D:1      | 0 ||| qw: Lair rune preference: random
     0 | D:1      | 0 ||| qw: Goals: Normal
     0 | D:1      | 0 ||| PLANNING D:1-11
   148 | D:1      | Reached XP level 2. HP: 16/16 MP: 3/3
   393 | D:1      | Found Ganlyzoz's Distillery.
   397 | D:1      | 397 ||| SHOPLISTING potion of curing (33 gold, have 28).
   397 | D:1      | 397 ||| SHOPLISTING potion of haste (110 gold, have 28).
   397 | D:1      | 397 ||| SHOPLISTING potion of might (44 gold, have 28).
   451 | D:1      | Reached skill level 3 in Ranged Weapons
   550 | D:1      | Reached XP level 3. HP: 21/21 MP: 4/4
   683 | D:1      | 683 ||| UPGRADING to +0 leather armour.
   693 | D:1      | 693 ||| DROPPING +0 robe.
   694 | D:1      | 694 ||| READING scroll labelled WUKHLA VODE.
   695 | D:1      | 695 ||| READING scroll labelled LONWOA ENGOUMP.
   698 | D:1      | 698 ||| READING scroll labelled SUPTUA HOKK.
   699 | D:1      | 699 ||| READING scroll labelled XAITRULUHU.
   700 | D:1      | 700 ||| DRINKING 3 red potions.
   701 | D:1      | 701 ||| DROPPING scroll of poison.
   749 | D:2      | 749 ||| STAIRDANCE
   767 | D:2      | 767 ||| STAIRDANCE
   833 | D:2      | 833 ||| STAIRDANCE
   991 | D:2      | Found Vualogga's Book Shop.
   997 | D:2      | Reached XP level 4. HP: 26/26 MP: 5/5
  1095 | D:2      | Reached skill level 4 in Ranged Weapons
  1370 | D:2      | 1370 ||| UPGRADING to +0 ring mail.
  1380 | D:2      | 1380 ||| DROPPING +0 leather armour.
  1381 | D:2      | 1381 ||| UPGRADING to +0 cloak.
  1386 | D:2      | 1386 ||| READING scroll labelled WUBOID ODOVI.
  1387 | D:2      | 1387 ||| READING 3 scrolls labelled RUANNOUSKI.
  1387 | D:2      | Identified 3 scrolls of acquirement
  1387 | D:2      | 1387 ||| ACQUIRING +2 heavy arbalest
  1387 | D:2      | Acquired a +2 heavy arbalest
  1388 | D:2      | 1388 ||| READING 2 scrolls of acquirement.
  1388 | D:2      | 1388 ||| ACQUIRING -1 cloak of Fortitude {rElec rN+ rCorr
                  | Str+4}
  1388 | D:2      | Acquired the -1 cloak of Fortitude {rElec rN+ rCorr Str+4}
  1389 | D:2      | 1389 ||| READING scroll of acquirement.
  1389 | D:2      | 1389 ||| ACQUIRING +7 longbow of Valour {drain, Will+}
  1389 | D:2      | Acquired the +7 longbow of Valour {drain, Will+}
  1391 | D:2      | 1391 ||| SWAPPING to +7 longbow of Valour {drain, Will+}.
  1392 | D:2      | 1392 ||| UPGRADING to -1 cloak of Fortitude {rElec rN+
                  | rCorr Str+4}.
  1402 | D:2      | 1402 ||| DROPPING +1 sling.
  1403 | D:2      | 1403 ||| READING scroll labelled JUVIFIT KIPH.
  1633 | D:3      | Found a snail-covered altar of Cheibriados.
  1638 | D:3      | Reached skill level 1 in Armour
  1668 | D:3      | Found a runed translucent door.
  1669 | D:3      | Noticed Crazy Yiuf
  1714 | D:3      | Noticed Robin
  1732 | D:3      | Killed Robin
  1733 | D:3      | Reached XP level 5. HP: 12/30 MP: 6/6
  1909 | D:3      | Noticed Sigmund
  1916 | D:3      | HP: 3/30 [something (8)]
  1917 | D:3      | 1917 ||| READING scroll of teleportation.
  1918 | D:3      | Slain by Sigmund

Levels and vault maps discovered:
D:1:      eino_arrival_cavern_c, layout_basic, serial_shops, shop,
          minmay_close_crescents
D:2:      layout_rooms, serial_shops, shop, minmay_misc_feat_x,
          chequers_serial_rivers_micro_c
D:3:      layout_basic, slow_altar_1, uniq_crazy_yiuf_cottage, uniq_robin,
          uniq_sigmund, uniq_jessica

Skill      XL: |  1  2  3  4 |
---------------+-------------+-----
Ranged Weapons | 3 4 |  4.6
Fighting       | 2 |  2.0
Armour         | 1 |  1.1
Dodging        | |  1.5
Spellcasting   | |  1.0
Hexes          | |  2.6

Action                     |  1- 3 |  4- 6 || total
---------------------------+-------+-------++-------
   Fire: Sling             |   132 |    37 ||   169
         Longbow           |       |    52 ||    52
    Use: Scroll            |     4 |     6 ||    10
         Potion            |     1 |       ||     1
 Armour: Robe              |    10 |       ||    10
         Leather armour    |    26 |     1 ||    27
         Ring mail         |       |    12 ||    12
  Dodge: Dodged            |    49 |    27 ||    76

Table legend:
 A = Non-vault XP
 B = Vault XP
 C = Vault XP percentage of total XP
 D = Non-vault monster count
 E = Vault monster count
 F = Vault count percentage of total count
                 A         B        C        D         E       F
            +---------+---------+-------+---------+---------+-------
      Total |     124 |      57 |  31.5 |      55 |      15 |  21.4
            +---------+---------+-------+---------+---------+-------
        D:1 |      60 |       5 |   7.7 |      29 |       3 |   9.4
        D:2 |      40 |       0 |   0.0 |      18 |       0 |   0.0
        D:3 |      24 |      52 |  68.4 |       8 |      12 |  60.0
            +---------+---------+-------+---------+---------+-------
